 Dungeon Crawl Stone Soup version 0.19.3-4-gbf9329e (console) character file.

17833 Grinner the Bludgeoner (level 12, -8/199 HPs)
             Began as an Ogre Monk on Jan 30, 2017.
             Was a High Priest of Okawaru.
             Mangled by a frost giant
             ... wielding a +1 battleaxe of freezing
              (31 damage)
             ... in an ice cave.
             The game lasted 00:36:37 (12232 turns).

Grinner the Bludgeoner (Ogre Monk)                 Turns: 12232, Time: 00:36:38

Health: -8/199     AC: 12    Str: 29    XL:     12   Next: 52%
Magic:  16/18      EV: 17    Int: 11    God:    Okawaru [*****.]
Gold:   394        SH:  0    Dex: 13    Spells: 2 memorised, 9 levels left

rFire  . . .     SeeInvis +     a - +0 great mace (venom)
rCold  . . .     Gourm    .     p - +2 robe {MR+}
rNeg   . . .     Faith    .     (shield currently unavailable)
rPois  .         Spirit   .     (helmet restricted)
rElec  .         Reflect  .     z - +2 cloak {+Inv}
rCorr  .         Harm     .     (gloves unavailable)
MR     ++...                    (boots unavailable)
Stlth  ..........               n - amulet of rage
                                D - +3 ring of slaying
                                q - +2 ring of protection

@: berserking, heroism, very quick
A: unfitting armour, antennae 1, claws 1, hooves 1, slimy green scales 1, see
invisible, clever 1, regeneration 1, strong 1, tough skin 1, no device heal 1
a: Heroism, Finesse, Renounce Religion, Evoke Berserk Rage, Evoke Invisibility


You were in an ice cave.
You worshipped Okawaru.
Okawaru was extremely pleased with you.
You were near starving.

You visited 2 branches of the dungeon, and saw 10 of its levels.
You also visited: Bailey and Ice Cave.

You collected 514 gold pieces.
You spent 120 gold pieces at shops.

Inventory:

Hand Weapons
 a - a +0 great mace of venom (weapon)
 B - a +1 flail
Missiles
 K - 2 javelins of penetration (quivered)
Armour
 p - a +2 robe of magic resistance (worn)
 z - a +2 cloak of invisibility (worn)
Jewellery
 n - an amulet of rage (around neck)
 q - a +2 ring of protection (left claw)
 s - an uncursed amulet of guardian spirit
 D - a +3 ring of slaying (right claw)
 F - an uncursed ring of protection from magic
Wands
 o - a wand of iceblast (12/15)
 w - a wand of digging (1/24)
 x - a wand of digging (13/24)
 y - a wand of random effects (25/48)
 A - a wand of slowing (15/48)
 G - a wand of flame (25/48)
 H - a wand of polymorph (4/24)
Scrolls
 d - a scroll of amnesia
 g - 3 scrolls of remove curse
 u - a scroll of immolation
 v - a scroll of fear
 C - 3 scrolls of enchant armour
Potions
 b - 2 potions of flight
 e - a potion of invisibility
 f - 2 potions of berserk rage
 i - 3 potions of curing
 j - a potion of resistance
 l - a potion of magic
 m - 2 potions of might
 t - a potion of haste {unknown}
Books
 h - a book of Misfortune

   Spells                             Type                      Level
   a - Confusing Touch                Hexes                        1
   b - Confuse                        Hexes                        3
   c - Gell's Gravitas                Hexes/Translocation          3
   d - Petrify                        Transmutation/Earth          4
   e - Metabolic Englaciation         Hexes/Ice                    5
   f - Yara's Violent Unravelling     Hexes/Transmutation          5
 I - a book of Maledictions

   Spells                             Type                      Level
   a - Corona                         Hexes                        1
   b - Ensorcelled Hibernation        Hexes/Ice                    2
   c - Confuse                        Hexes                        3
   d - Tukima's Dance                 Hexes                        3
   e - Dazzling Spray                 Conjuration/Hexes            3
Comestibles
 c - 10 bread rations
 k - 8 meat rations
 r - 12 fruits
 J - 8 slices of pizza


   Skills:
 + Level 12.3(17.3) Fighting
 * Level 16.8(21.8) Maces & Flails
 - Level 2.0(7.0) Throwing
 + Level 7.7(12.7) Dodging
 - Level 1.4(6.4) Stealth
 + Level 8.9 Evocations


You had 9 spell levels left.
You knew the following spells:

 Your Spells              Type           Power        Failure   Level  Hunger
a - Corona                Hex            #......      34%         1    ##.....
z - Confusing Touch       Hex            #.....       34%         1    ##.....


Dungeon Overview and Level Annotations

Branches:
Dungeon (9/15)             Temple (0/1) D:7            Lair (1/6) D:8
    Orc (0/2) D:9

Altars:
Trog

Shops:
D:6 *


Innate Abilities, Weirdness & Mutations

You are too large for most types of armour.
You have tough skin. (AC +1)
You have a pair of small antennae on your head.
You have sharp fingernails.
You have large cloven feet.
You are partially covered in slimy green scales. (AC +2)
You have supernaturally acute eyesight. (SInv)
Your mind is acute. (Int +2)
Your natural rate of healing is unusually fast.
Your muscles are strong. (Str +2)
Potions and wands are less effective at restoring your health.


Message History

The frost giant freezes you!
A red film seems to cover your vision as you go berserk!
You feel yourself moving faster!
You feel mighty!
You are near starving!
You completely miss the frost giant.
The frost giant hits you with a battleaxe of freezing!!!
* * * LOW HITPOINT WARNING * * *
The frost giant freezes you!
* * * LOW HITPOINT WARNING * * *
You sock the frost giant!
The frost giant looks as sick as possible!
You kick the frost giant!
The frost giant is lightly wounded.
You sock the frost giant!
The frost giant looks as sick as possible!
The frost giant is moderately wounded.
You bludgeon the frost giant!! You kick the frost giant.
The frost giant is heavily wounded.
The frost giant hits you with a battleaxe of freezing!!
You die...

##.## #..#
### #..##
#.# ##..#
#.# #..# #.#
##.# #.#
##..# #.#
#..## #@#
#..#
#C#######.##
#hY{Ch.Y..#
########Y##
#..# ##.Yh


.hYY #..h.. C.h.. You could see a frost giant, a yak and a wolf.

Vanquished Creatures
  A centaur warrior (D:9)
  The ghost of Grinner the Basher, a novice OgMo (Bailey)
  Pikel (D:8)
  3 orc knights (Bailey)
  An orc sorcerer (Bailey)
  2 ice statues (IceCv)
  A kobold demonologist (Bailey)
  A spiny frog (Lair:1)
  2 rime drakes (Lair:1)
  10 polar bears (IceCv)
  A hornet (D:8)
  A hippogriff (Lair:1)
  14 yaks
  Eustachio (D:6)
  A human (D:8)
  Grum (Lair:1)
  A hungry ghost (D:8)
  2 steam dragons (D:9)
  A black bear (D:7)
  2 ice beasts
  17 orc warriors
  A necrophage (D:9)
  2 sky beasts (D:9)
  5 ogres
  14 wolves
  3 centaurs (D:8)
  6 bullfrogs
  2 big kobolds
  4 scorpions
  5 killer bees (D:7)
  8 wights
  4 electric eels (Bailey)
  A howler monkey (D:4)
  2 crimson imps
  A bullfrog zombie (D:9)
  A jelly (D:9)
  6 orc priests
  4 hounds
  12 orc wizards
  Jessica (D:3)
  2 centaur skeletons
  7 worker ants
  3 iguanas
  A hound zombie (D:8)
  3 hound skeletons
  5 gnolls (Bailey)
  9 adders
  2 shadow imps
  2 oozes
  4 worms
  A dart slug (D:1)
  9 leopard geckos
  49 orcs
  5 bats
  5 giant cockroaches
  12 goblins
  16 hobgoblins
  6 jackals
  8 quokkas
  3 frilled lizards
  A jackal skeleton (D:5)
  17 kobolds
  A quokka skeleton (D:7)
  A quokka zombie (D:5)
  9 rats
328 creatures vanquished.

Vanquished Creatures (others)
  2 slaves (D:8)
  A jelly (D:8)
  5 kobolds (D:8)
  5 fungi (Lair:1)
  A plant (Lair:1)
14 creatures vanquished.

Grand Total: 342 creatures vanquished

Notes
Turn   | Place    | Note
-------+----------+-------------------------------------------
     0 | D:1      | Grinner the Ogre Monk began the quest for the Orb.
     0 | D:1      | Reached XP level 1. HP: 24/24 MP: 1/1
   304 | D:1      | Reached XP level 2. HP: 32/32 MP: 2/2
  1054 | D:1      | Reached XP level 3. HP: 39/40 MP: 3/3
  1514 | D:2      | Reached skill level 1 in Throwing
  1933 | D:2      | Reached skill level 5 in Maces & Flails
  1933 | D:2      | Reached XP level 4. HP: 49/49 MP: 4/4
  2701 | D:3      | Noticed Jessica
  2715 | D:3      | Killed Jessica
  2715 | D:3      | Reached XP level 5. HP: 33/55 MP: 5/5
  3431 | D:4      | Reached skill level 5 in Fighting
  3806 | D:4      | Noticed an ogre
  3816 | D:4      | Killed an ogre
  3816 | D:4      | Reached skill level 6 in Maces & Flails
  3816 | D:4      | Reached XP level 6. HP: 45/66 MP: 6/6
  4564 | D:4      | Reached skill level 7 in Maces & Flails
  4576 | D:4      | Reached XP level 7. HP: 59/74 MP: 7/7
  5208 | D:5      | Entered Level 5 of the Dungeon
  5345 | D:5      | Reached skill level 1 in Evocations
  5445 | D:5      | Noticed a moth of wrath
  5448 | D:5      | Found a bloodstained altar of Trog.
  5534 | D:5      | Reached skill level 8 in Maces & Flails
  5535 | D:5      | Gained mutation: You have large cloven feet. [potion of mutation]
  5535 | D:5      | Gained mutation: Your natural rate of healing is unusually fast. [potion of mutation]
  5535 | D:5      | Gained mutation: You have a pair of small antennae on your head. [potion of mutation]
  5665 | D:5      | Reached skill level 12 in Maces & Flails
  5665 | D:5      | Reached XP level 8. HP: 92/92 MP: 7/12
  6140 | D:6      | Reached XP level 9. HP: 100/100 MP: 12/14
  6528 | D:6      | Gained mutation: Your mind is acute. (Int +2) [potion of mutation]
  6528 | D:6      | Gained mutation: You have sharp fingernails. [potion of mutation]
  6528 | D:6      | Gained mutation: You have supernaturally acute eyesight. (SInv) [potion of mutation]
  6599 | D:6      | Found Ryenorobu's Assorted Antiques.
  6607 | D:6      | Bought a glass wand for 120 gold pieces
  6689 | D:6      | Noticed Eustachio
  6697 | D:6      | Killed Eustachio
  6733 | D:6      | Reached skill level 13 in Maces & Flails
  6886 | D:7      | Reached skill level 5 in Dodging
  6983 | D:7      | Learned a level 1 spell: Confusing Touch
  7285 | D:7      | Reached skill level 10 in Fighting
  7430 | D:7      | Found a flagged portal.
  7436 | Bailey   | Entered a bailey
  7565 | Bailey   | Found an iron altar of Okawaru.
  7565 | Bailey   | Noticed a kobold demonologist
  7565 | Bailey   | Noticed an orc sorcerer
  7574 | Bailey   | Killed a kobold demonologist
  7574 | Bailey   | Reached XP level 10. HP: 110/110 MP: 12/15
  7576 | Bailey   | Killed an orc sorcerer
  7596 | Bailey   | Became a worshipper of Warmaster Okawaru
  7596 | Bailey   | Reached * piety under Okawaru
  7596 | Bailey   | Reached ** piety under Okawaru
  7607 | Bailey   | Noticed Grinner's ghost (novice OgMo)
  7622 | Bailey   | Killed Grinner's ghost
  7622 | Bailey   | Reached skill level 14 in Maces & Flails
  7784 | Bailey   | Noticed an orc knight
  7799 | Bailey   | Killed an orc knight
  7970 | Bailey   | Noticed an orc knight
  7980 | Bailey   | Killed an orc knight
  7983 | Bailey   | Reached *** piety under Okawaru
  8289 | Bailey   | Gained mutation: You are partially covered in slimy green scales. (AC +2) [potion of mutation]
  8289 | Bailey   | Gained mutation: Potions and wands are less effective at restoring your health. [potion of mutation]
  8337 | Bailey   | Noticed an orc knight
  8347 | Bailey   | Killed an orc knight
  8642 | D:7      | Reached XP level 11. HP: 116/119 MP: 16/16
  8712 | D:7      | Found a staircase to the Ecumenical Temple.
  8970 | D:8      | Gained mutation: Your muscles are strong. (Str +2) [potion of beneficial mutation]
  8976 | D:8      | Found a staircase to the Lair.
  9075 | D:8      | Noticed Pikel
  9085 | D:8      | Killed Pikel
  9089 | D:8      | Reached skill level 15 in Maces & Flails
  9127 | D:8      | Learned a level 1 spell: Corona
  9202 | D:8      | Reached **** piety under Okawaru
  9839 | D:9      | Found a staircase to the Orcish Mines.
 10215 | D:9      | Noticed a centaur warrior
 10225 | D:9      | Killed a centaur warrior
 10225 | D:9      | Received a gift from Okawaru
 10933 | Lair:1   | Entered Level 1 of the Lair of Beasts
 11040 | Lair:1   | Reached ***** piety under Okawaru
 11158 | Lair:1   | Noticed Grum
 11166 | Lair:1   | Killed Grum
 11215 | Lair:1   | Reached skill level 16 in Maces & Flails
 11527 | Lair:1   | Found a frozen archway.
 11531 | Lair:1   | Reached XP level 12. HP: 132/132 MP: 18/18
 11542 | IceCv    | Entered an ice cave
 11669 | IceCv    | Received a gift from Okawaru
 12204 | IceCv    | Noticed a frost giant
 12232 | IceCv    | Mangled by a frost giant

Skill      XL: |  1  2  3  4  5  6  7  8  9 10 11 12 |
---------------+-------------------------------------+-----
Dodging        | 3 4 5 7 |  7.7
Throwing       | 1 2 |  2.0
Maces & Flails | 5 6 7 12 13 14 16 | 16.8
Fighting       | 5 9 10 11 12 | 12.3
Evocations     | 6 7 8 |  8.9
Stealth        | |  1.4

Action                   |  1- 3 |  4- 6 |  7- 9 | 10-12 || total
-------------------------+-------+-------+-------+-------++-------
Melee: Mace              |   106 |    99 |       |       ||   205
       Flail             |       |    66 |   242 |   110 ||   418
       Kick              |       |       |    52 |   165 ||   217
       Great mace        |       |       |       |   427 ||   427
       Punch             |       |       |       |     2 ||     2
Invok: Heroism           |       |       |       |     5 ||     5
 Abil: Evoke Berserk Rag |     2 |     2 |     2 |     7 ||    13
       Evoke Invisibilit |       |       |     3 |     6 ||     9
Evoke: Wand              |       |       |       |     3 ||     3
  Use: Scroll            |       |       |    12 |     8 ||    20
       Potion            |       |       |     3 |     7 ||    10
 Stab: Sleeping          |     1 |     4 |     1 |     2 ||     8
       Invisible         |       |       |     9 |    19 ||    28
  Eat: Chunk             |     5 |     5 |    12 |    23 ||    45
       Meat ration       |       |     1 |       |       ||     1
       Pizza             |       |       |       |     1 ||     1
Armor: Robe              |    34 |    48 |    52 |   170 ||   304
       Skin              |       |       |       |    29 ||    29
Dodge: Dodged            |    64 |    98 |   123 |   425 ||   710
